 Dungeon Crawl Stone Soup version 0.23.1 (webtiles) character file.

Game seed: 17678375077429044989

5964 Kniotic the Cruncher (level 10, -7/82 (84) HPs)
             Began as a Centaur Gladiator on Mar 3, 2019.
             Was an Elder of Okawaru.
             Mangled by a two-headed ogre
             ... wielding a +0 giant club
              (18 damage)
             ... on level 8 of the Dungeon.
             The game lasted 00:18:02 (10893 turns).

Kniotic the Cruncher (Centaur Gladiator)           Turns: 10893, Time: 00:18:03

HP:   -7/82 (84)    AC: 14    Str: 19    XL:     10   Next: 54%
MP:   10/10         EV:  6    Int:  7    God:    Okawaru [****..]
Gold: 815           SH:  0    Dex: 18    Spells: 9/9 levels left

rFire    . . .     SeeInvis .   a - +0 quarterstaff
rCold    . . .     Gourm    .   (shield currently unavailable)
rNeg     . . .     Faith    .   I - +4 chain mail of Chill Winds {MR+ Dex+3}
rPois    +         Spirit   .   E - +2 helmet
rElec    .         Reflect  .   (no cloak)
rCorr    .         Harm     .   (no gloves)
MR       +....                  (no barding)
Stlth    ..........             x - amulet of regeneration
HPRegen  0.63/turn              p - ring of poison resistance
MPRegen  0.12/turn              z - +3 ring of dexterity

@: very quick
A: large, hooves 3, deformed body, speed 2, tough skin 3
a: Heroism, Renounce Religion


You were on level 8 of the Dungeon.
You worshipped Okawaru.
Okawaru was greatly pleased with you.
You were not hungry.

You visited 2 branches of the dungeon, and saw 9 of its levels.
You also visited: Bailey.

You collected 956 gold pieces.
You spent 141 gold pieces at shops.

Inventory:

Hand Weapons
 a - a +0 quarterstaff (weapon)
Missiles
 c - 6 javelins of penetration
 d - 5 throwing nets (quivered)
 F - 38 tomahawks of returning
Armour
 E - a +2 helmet (worn)
 I - the +4 chain mail of Chill Winds (worn) {MR+ Dex+3}
   (You found it in a bailey)

   It affects your dexterity (+3).
   It affects your resistance to hostile enchantments.
Jewellery
 p - a ring of poison resistance (left hand)
 x - an amulet of regeneration (around neck)
 z - a +3 ring of dexterity (right hand)
Wands
 v - a wand of paralysis (6)
 y - a wand of clouds (12)
 D - a wand of random effects (15)
 H - a wand of iceblast (9)
Scrolls
 e - a scroll of fear {unknown}
 g - 4 scrolls of remove curse {unknown}
 k - 5 scrolls of teleportation
 m - 3 scrolls of immolation {unknown}
 n - a scroll of enchant weapon {unknown}
 o - 2 scrolls of amnesia {unknown}
 r - 4 scrolls of magic mapping {unknown}
 u - 2 scrolls of noise {unknown}
Potions
 h - 2 potions of resistance
 i - 10 potions of curing
 j - a potion of ambrosia {unknown}
 l - a potion of haste
 s - a potion of heal wounds {unknown}
 t - 7 potions of flight
 w - 2 potions of agility {unknown}
 A - a potion of might
 B - a potion of berserk rage
 C - a potion of lignification {unknown}
Comestibles
 f - 21 rations
 G - 13 chunks of flesh


   Skills:
 + Level 6.5 Fighting
 * Level 12.9 Staves
 + Level 4.4 Throwing
 - Level 2.1 Dodging


You had 9 spell levels left.
You didn't know any spells.
Your spell library contained the following spells:

 Spells                   Type           Power        Failure   Level  Hunger
 Flame Tongue             Conj/Fire      #....        100%        1    ##.....
 Throw Flame              Conj/Fire      #.....       100%        2    ###....
 Conjure Flame            Conj/Fire      #.......     100%        3    ####...
 Inner Flame              Hex/Fire       #.......     100%        3    ####...
 Sticky Flame             Conj/Fire      #.......     100%        4    #####..
 Fireball                 Conj/Fire      #.........   100%        5    ######.


Dungeon Overview and Level Annotations

Branches:
Dungeon (8/15)             Temple (1/1) D:4
   Lair: D:8-11

Altars:
Ashenzari
Cheibriados
Elyvilon
Fedhas
Gozag
Hepliaklqana
Makhleb
Nemelex Xobeh
Okawaru
Qazlal
Ru
Sif Muna
Trog
Vehumet
Wu Jian
Xom
Zin
The Shining One

Shops:
D:6 *(!


Innate Abilities, Weirdness & Mutations

You have hooves in place of feet.
Armour fits poorly on your strangely shaped body.
You cover ground very quickly.
You have extremely tough skin. (AC +3)


Message History

The two-headed ogre is engulfed in noxious fumes.
The two-headed ogre appears confused.
The two-headed ogre hits you with a +0 giant club.
The two-headed ogre hits you with a cursed +0 dire flail.
The ogre is engulfed in noxious fumes.
You catch the helpless two-headed ogre completely off-guard!
You thump the two-headed ogre! You kick the two-headed ogre.
The two-headed ogre is severely wounded.
The ogre is engulfed in noxious fumes.
The ogre appears confused.
The ogre hits the ogre with a +0 giant club!
You hit the two-headed ogre but do no damage.
You kick the two-headed ogre.
The two-headed ogre is severely wounded.
The ogre is engulfed in noxious fumes.
The ogre appears confused.
The two-headed ogre is engulfed in noxious fumes.
The two-headed ogre cries.
The two-headed ogre hits you with a +0 giant club!
* * * LOW HITPOINT WARNING * * *
The two-headed ogre hits you with a cursed +0 dire flail!!
You die...

#[# ..................###.
#.# .........[........###.
#.# ................(.....
#.. ...............((.....
### #..............###.. .
####.÷.........# #.. ...
#...........###..
.#o.o#########.....>....##...
...z.ozzOO☼O@................
...#.z######....÷).......##.#
.zz. #................. ....
#................# ...
##............##.. ..
#............#### .
##...........# ##..........#
#..........#


You could see a two-headed ogre (confused), 2 ogres, 3 wights and an orc wizard.

Vanquished Creatures
  A two-headed ogre (D:8)
  Pikel (D:6)
  An orc knight (Bailey)
  Prince Ribbit (D:7)
  2 hippogriffs
  Sigmund (D:3)
  Eustachio (D:6)
  Menkaure (D:4)
  2 ice beasts (D:7)
  6 orc warriors
  A sky beast (D:6)
  3 necrophages (D:7)
  An ogre (D:6)
  3 centaurs
  7 bullfrogs
  A gnoll sergeant (D:6)
  A water moccasin zombie (D:7)
  A wyvern skeleton (D:6)
  3 killer bees (D:8)
  4 wights (D:7)
  3 crimson imps
  A centaur zombie (D:7)
  A quasit (D:6)
  A bullfrog zombie (D:6)
  A hound (D:6)
  4 bullfrog skeletons
  2 orc priests (D:4)
  7 orc wizards
  A gnoll shaman (D:5)
  Terence (D:3)
  An iguana (D:8)
  5 worker ants
  A hound zombie (D:5)
  A hound skeleton (D:6)
  A howler monkey zombie (D:7)
  4 adders
  16 gnolls
  A shadow imp (D:5)
  A worm (D:5)
  4 leopard geckos
  26 orcs
  7 giant cockroaches
  9 goblins
  9 hobgoblins
  13 jackals
  20 kobolds
  6 quokkas
  13 bats
  3 frilled lizards
  A giant cockroach zombie (D:6)
  A quokka zombie (D:8)
  11 rats
218 creatures vanquished.

Vanquished Creatures (others)
  A goblin (D:8)
1 creature vanquished.

Grand Total: 219 creatures vanquished

Notes
Turn   | Place    | Note
-------+----------+-------------------------------------------
     0 | D:1      | Kniotic the Centaur Gladiator began the quest for the Orb.
     0 | D:1      | Reached XP level 1. HP: 17/17 MP: 1/1
    52 | D:1      | Reached skill level 3 in Staves
   126 | D:1      | Reached XP level 2. HP: 23/24 MP: 2/2
   785 | D:2      | Reached XP level 3. HP: 29/29 MP: 3/3
   880 | D:2      | Reached skill level 4 in Staves
  1053 | D:2      | Found a radiant altar of Vehumet.
  1585 | D:2      | Reached XP level 4. HP: 32/36 MP: 4/4
  1689 | D:3      | Noticed Terence
  1974 | D:3      | Noticed Sigmund
  2457 | D:3      | Killed Terence
  2764 | D:3      | Found a faded altar of an unknown god.
  2769 | D:3      | Reached skill level 5 in Staves
  2836 | D:3      | Reached XP level 5. HP: 25/41 MP: 5/5
  3478 | D:4      | Noticed Menkaure
  3484 | D:4      | Killed Menkaure
  3484 | D:4      | Reached skill level 6 in Staves
  3484 | D:4      | Reached XP level 6. HP: 16/48 MP: 6/6
  4233 | D:4      | Found a staircase to the Ecumenical Temple.
  4247 | Temple   | Entered the Ecumenical Temple
  4274 | Temple   | Became a worshipper of Warmaster Okawaru
  4747 | D:5      | Entered Level 5 of the Dungeon
  4930 | D:5      | Reached skill level 7 in Staves
  5239 | D:5      | Reached XP level 7. HP: 43/55 MP: 7/7
  5639 | D:5      | Reached skill level 8 in Staves
  5937 | D:3      | Killed Sigmund
  5937 | D:3      | Reached * piety under Okawaru
  6394 | D:6      | Reached skill level 9 in Staves
  6394 | D:6      | Reached XP level 8. HP: 51/61 MP: 8/8
  6674 | D:6      | Found Yngah's Distillery.
  6682 | D:6      | Bought a potion of might for 48 gold pieces
  6682 | D:6      | Bought a potion of berserk rage for 60 gold pieces
  6841 | D:6      | Found Hituppah's Antique Weapon Shoppe.
  7137 | D:6      | Reached ** piety under Okawaru
  7137 | D:6      | Reached skill level 10 in Staves
  7333 | D:6      | Noticed Pikel
  7355 | D:6      | Killed Pikel
  7355 | D:6      | Reached *** piety under Okawaru
  7355 | D:6      | Reached skill level 11 in Staves
  7355 | D:6      | Reached XP level 9. HP: 17/67 MP: 9/9
  7382 | D:6      | Noticed Eustachio
  7456 | D:6      | Killed Eustachio
  7665 | D:6      | Found Atomyg's General Store.
  7673 | D:6      | Bought a potion of curing for 33 gold pieces
  8576 | D:7      | Noticed Prince Ribbit
  8593 | D:7      | Killed Prince Ribbit
  8936 | D:7      | Reached **** piety under Okawaru
  9000 | D:7      | Received a gift from Okawaru
  9005 | D:7      | Reached skill level 12 in Staves
  9045 | D:7      | Reached skill level 5 in Fighting
  9558 | D:8      | Noticed a two-headed ogre
  9720 | D:8      | Received a gift from Okawaru
  9731 | D:8      | Found a flagged portal.
  9738 | Bailey   | Entered a bailey
  9846 | Bailey   | Noticed an orc knight
 10163 | Bailey   | Reached XP level 10. HP: 74/79 MP: 7/10
 10458 | Bailey   | Got a dazzling chain mail
 10460 | Bailey   | Identified the +4 chain mail of Chill Winds {MR+ Dex+3}
                  | (You found it in a bailey)
 10515 | Bailey   | Killed an orc knight
 10746 | D:8      | Killed a two-headed ogre
 10866 | D:8      | Noticed a two-headed ogre
 10893 | D:8      | Mangled by a two-headed ogre

Skill      XL: |  1  2  3  4  5  6  7  8  9 10 |
---------------+-------------------------------+-----
Staves         | 3 4 5 6 7 9 11 12 | 12.9
Fighting       | 5 6 |  6.5
Throwing       | 4 |  4.4
Dodging        | |  2.1

Action                   |  1- 3 |  4- 6 |  7- 9 | 10-12 || total
-------------------------+-------+-------+-------+-------++-------
Melee: Quarterstaff      |   103 |   177 |   356 |   144 ||   780
       Kick              |    20 |    32 |   112 |    53 ||   217
Invok: Heroism           |       |       |     1 |     1 ||     2
Evoke: Wand              |       |       |     7 |     1 ||     8
  Use: Scroll            |       |       |     4 |     1 ||     5
       Potion            |       |       |     1 |     1 ||     2
 Stab: Paralysed         |       |       |     2 |       ||     2
       Confused          |       |       |     1 |     2 ||     3
  Eat: Chunk             |       |    11 |    10 |     2 ||    23
       Ration            |       |       |     1 |       ||     1
Armor: Leather armour    |    70 |    34 |   100 |     3 ||   207
       Chain mail        |       |       |       |    55 ||    55
Dodge: Dodged            |    73 |    73 |   208 |    29 ||   383
